 Dungeon Crawl Stone Soup version 0.26-a0-1205-g4083c211ab (webtiles) character file.

Game seed: 2185025319969811694

2991 HoaS the Severer (level 9, -2/70 HPs)
             Began as a Minotaur Berserker on Dec 29, 2020.
             Was an Elder of Trog.
             Engulfed by an efreet's flame (8 damage)
             ... on level 7 of the Dungeon.
             The game lasted 00:11:59 (5160 turns).

HoaS the Severer (Minotaur Berserker)               Turns: 5160, Time: 00:11:59

Health: -2/70      AC: 15    Str: 25    XL:     9   Next: 54%
Magic:  8/8        EV: 11    Int:  4    God:    Trog [****..]
Gold:   262        SH:  0    Dex: 10    Spells: 8/8 levels left

rFire    . . .     SeeInvis .   f - +3 war axe (venom)
rCold    . . .     Faith    .   (no shield)
rNeg     . . .     Spirit   .   a - +0 plate armour
rPois    .         Reflect  .   (helmet restricted)
rElec    .         Harm     .   d - +2 cloak
rCorr    .         Rampage  .   o - +0 pair of gloves
Will     ++...                  (no boots)
Stlth    ..........             (no amulet)
HPRegen  1.21/turn              l - +4 ring of evasion
MPRegen  0.11/turn              (no ring)

@: regenerating
A: retaliatory headbutt, horns 2
a: Renounce Religion, Berserk, Trog's Hand, Brothers in Arms


You were on level 7 of the Dungeon.
You worshipped Trog.
Trog was greatly pleased with you.
You visited 1 branch of the dungeon, and saw 7 of its levels.

You collected 456 gold pieces.
You spent 194 gold pieces at shops.

Inventory:

Hand Weapons
 f - a +3 war axe of venom (weapon)
 r - the cursed +3 great mace of Raegaw {holy, rF+}
   (You found it on level 7 of the Dungeon)

   It has been blessed by the Shining One to cause great damage to the undead
   and demons.
   It protects you from fire.
   It has a curse placed upon it.
Armour
 a - a +0 plate armour (worn)
 d - a +2 cloak (worn)
 o - a +0 pair of gloves (worn)
Jewellery
 l - a +4 ring of evasion (left hand)
Wands
 p - a wand of enslavement (9)
Scrolls
 h - a scroll of identify
 m - 3 scrolls of remove curse
Potions
 b - a potion of invisibility
 c - a potion of heal wounds
 e - 6 potions of curing
 g - a potion of cancellation {unknown}
 i - 2 potions of might
 j - a potion of berserk rage {unknown}
 k - 3 potions of ambrosia
 n - a potion of attraction {unknown}
 q - a potion of flight {unknown}


   Skills:
 - Level 3.6 Fighting
 + Level 15.3 Axes
 - Level 2.4 Armour
 - Level 2.1 Dodging


You had 8 spell levels left.
You didn't know any spells.
Your spell library was empty.

Dungeon Overview and Level Annotations

Branches:
Dungeon (7/15)             Temple (0/1) D:6

Altars:
Cheibriados
Fedhas
Ru
Wu Jian
Xom

Shops:
D:5 !   D:6 ?[(:}


Innate Abilities, Weirdness & Mutations

You reflexively headbutt those who attack you in melee.
You have a pair of horns on your head.


Message History

The orc priest dies!
The forest fire spreads!
Your plate armour prevents you from hitting the shadow imp.
You headbutt the shadow imp.
You kill the shadow imp!
Trog accepts your kill.
You are engulfed in blazing flames.
The efreet gestures at you. The bolt of fire hits you!
The tree burns like a torch!
The forest fire spreads!
Okay, then.
You hit the ogre.
The ogre is poisoned.
You headbutt the ogre!
The ogre is heavily wounded.
You are engulfed in blazing flames.
* * * LOW HITPOINT WARNING * * *
The ogre closely misses you.
You barely miss the ogre.
The ogre is heavily wounded.
You are engulfed in blazing flames.
You die... #........# ##...## #...<..### #.....## ## ######### ### ######.## ##. .##.##. #..####.. #..!(.# #..'..... ..≈[. #^.####..
ZRY

#.## ##. #O# ### ## #@######
### ♣..{§§§§§...♣♣ #..
♣....§.§.♣....♣# ♣..♣#..
.....♣♣§§§.....# ♣≈≈.#.#
♣....♣§§§♣....♣# ≈≈.#.# ♣♣..
♣§♣....♣♣ .≈.#.# ♣ ###
##'########♣♣♣..#.# #≈♣♣≈
♣♣.♣♣#...#.....# ...♣#..
#≈.≈≈≈♣♣.♣.♣♣...♣.♣♣♣.♣♣♣♣.♣#..


You could see an efreet, a sky beast, an ogre (very poisoned) and an adder
skeleton.

Vanquished Creatures
  A boulder beetle (D:7)
  An unseen horror (D:7)
  A shadow (D:7)
  A water moccasin (D:7)
  A sky beast (D:5)
  A necrophage (D:4)
  An ogre (D:6)
  A big kobold (D:6)
  A bullfrog (D:7)
  2 scorpions
  A howler monkey (D:7)
  2 centaur zombies
  2 bullfrog skeletons
  3 hounds
  A jelly (D:5)
  An orc priest (D:3)
  2 orc wizards (D:4)
  A centaur skeleton (D:3)
  Jessica (D:2)
  An iguana (D:4)
  8 worker ants
  A mummy (D:4)
  18 gnolls
  A howler monkey skeleton (D:4)
  7 adders
  2 shadow imps (D:7)
  A white imp (D:5)
  An ufetubus (D:5)
  An ooze (D:5)
  4 adder skeletons
  4 worms
  3 leopard geckos
  12 orcs
  3 ball pythons
  7 bats
  3 giant cockroaches
  8 goblins
  8 hobgoblins
  5 jackals
  2 quokkas
  9 frilled lizards
  A hobgoblin zombie (D:4)
  14 kobolds
  2 kobold zombies (D:4)
  A leopard gecko skeleton (D:6)
  An orc zombie (D:4)
  4 rats
157 creatures vanquished.

Vanquished Creatures (others)
  A water moccasin (D:7)
  An orc priest (D:7)
  8 plants (D:7)
10 creatures vanquished.

Grand Total: 167 creatures vanquished

Notes
Turn   | Place    | Note
-------+----------+-------------------------------------------
     0 | D:1      | HoaS the Minotaur Berserker began the quest for the Orb.
     0 | D:1      | Reached XP level 1. HP: 19/19 MP: 0/0
    14 | D:1      | Reached skill level 4 in Axes
   335 | D:1      | Reached XP level 2. HP: 20/26 MP: 1/1
   705 | D:1      | Reached skill level 5 in Axes
   803 | D:1      | Reached XP level 3. HP: 31/31 MP: 2/2
  1131 | D:2      | You fall into a shaft and drop 1 floor!
  1201 | D:3      | Reached ** piety under Trog
  1387 | D:1      | Reached skill level 6 in Axes
  1387 | D:1      | Reached XP level 4. HP: 22/39 MP: 3/3
  1724 | D:2      | Noticed Jessica
  1729 | D:2      | Killed Jessica
  1730 | D:2      | Reached skill level 7 in Axes
  1730 | D:2      | Reached XP level 5. HP: 45/45 MP: 4/4
  2222 | D:3      | Reached *** piety under Trog
  2472 | D:3      | Reached skill level 8 in Axes
  2684 | D:4      | Reached XP level 6. HP: 49/51 MP: 5/5
  2762 | D:4      | Reached skill level 9 in Axes
  2785 | D:4      | Found a sacrificial altar of Ru.
  2940 | D:4      | Reached XP level 7. HP: 44/57 MP: 6/6
  3418 | D:4      | Reached skill level 10 in Axes
  3456 | D:5      | Entered Level 5 of the Dungeon
  3523 | D:5      | Reached skill level 11 in Axes
  3544 | D:5      | Reached **** piety under Trog
  3716 | D:5      | Found a snail-covered altar of Cheibriados.
  3853 | D:5      | Found Ruab's Distillery.
  4040 | D:6      | Found a staircase to the Ecumenical Temple.
  4090 | D:6      | Reached XP level 8. HP: 47/64 MP: 7/7
  4233 | D:6      | Found Imuimael's Book Boutique.
  4276 | D:6      | Reached skill level 12 in Axes
  4292 | D:6      | Found Rienlewk's Gadget Shop.
  4336 | D:6      | Found a shimmering altar of Xom.
  4336 | D:6      | Found an ornate altar of the Wu Jian Council.
  4387 | D:6      | Found Vecvar's Weapon Shoppe.
  4400 | D:6      | Found Elujusk's Armour Shoppe.
  4448 | D:6      | Found Piugh's Magic Scroll Shoppe.
  4459 | D:6      | Bought a scroll of enchant armour for 97 gold pieces
  4459 | D:6      | Bought a scroll of enchant armour for 97 gold pieces
  4541 | D:6      | Found a blossoming altar of Fedhas.
  4788 | D:7      | Reached skill level 13 in Axes
  4804 | D:7      | Killed an unseen horror
  4805 | D:7      | Reached skill level 14 in Axes
  4805 | D:7      | Reached XP level 9. HP: 15/70 MP: 8/8
  5069 | D:7      | Got a masterwork great mace
  5070 | D:7      | Identified the cursed +3 great mace of Raegaw {holy, rF+}
                  | (You found it on level 7 of the Dungeon)
  5140 | D:7      | Noticed an efreet
  5141 | D:7      | Noticed a boulder beetle
  5156 | D:7      | Killed a boulder beetle
  5157 | D:7      | Reached skill level 15 in Axes
  5160 | D:7      | Engulfed by an efreet's flame

Illustrated notes

Levels and vault maps discovered:
D:1:      erik_arrival_triangle_small, layout_loops_ring, columned_hall_lemuel
D:2:      layout_loops_ring, grunt_decor_resistance, uniq_jessica
D:3:      layout_basic, grunt_ministairs_11
D:4:      layout_basic, nicolae_ru_the_path_less_chosen, minmay_mini_ossuary
D:5:      layout_loops_ring, serial_shops, kennysheep_little_box,
          minmay_misc_feat_enclosed, cheibriados_altar_1
D:6:      layout_gridville, fedhas_altar_4, gammafunk_temple_overflow_elements,
          minmay_temple_entry_drinking_statues, serial_shops, shop, shop, shop,
          nicolae_shop_behind_doors, kennysheep_mini, kennysheep_generic_room_3
D:7:      nzn_winding_woodlands_stair_cross
          [nzn_winding_woodlands_5x15_lazy_stream,
          nzn_winding_woodlands_center_triple_pond,
          nzn_winding_woodlands_5x15_split_checker,
          nzn_winding_woodlands_5x5_closed_star,
          nzn_winding_woodlands_5x5_perimeter,
          nzn_winding_woodlands_5x15_parted,
          nzn_winding_woodlands_center_pierced_h,
          nzn_winding_woodlands_5x15_pathside_ponds], layout_loops_corners,
          lemuel_crystal_altar, uniq_prince_ribbit1, uniq_crazy_yiuf_cottage

Skill      XL: |  1  2  3  4  5  6  7  8  9 |
---------------+----------------------------+-----
Axes           | 4 5 6 7 8 9 11 14 15 | 15.3
Fighting       | |  3.6
Armour         | |  2.4
Dodging        | |  2.1

Action                   |  1- 3 |  4- 6 |  7- 9 || total
-------------------------+-------+-------+-------++-------
Melee: Hand axe          |    82 |    22 |       ||   104
       Headbutt          |     9 |    29 |    26 ||    64
       War axe           |       |    76 |   150 ||   226
Invok: Berserk           |       |       |     1 ||     1
       Trog's Hand       |       |       |     1 ||     1
  Use: Scroll            |     3 |     4 |    10 ||    17
Armor: Animal skin       |    12 |       |       ||    12
       Leather armour    |     3 |    15 |       ||    18
       Ring mail         |       |     7 |    21 ||    28
       Plate armour      |       |       |    37 ||    37
Dodge: Dodged            |    60 |    46 |    86 ||   192

Table legend: (Time is in decaauts)
 A = Elapsed time spent in this place.
 B = Non-inter-level travel time spent in this place.
 C = Inter-level travel time spent in this place.
 D = Time resting spent in this place.
 E = Time spent auto-exploring this place.
 F = Levels seen in this place.
 G = Mean time per level.
                   A        B        C        D        E       F      G
               +--------+--------+--------+--------+--------+-----+--------+
         Total |   5174 |   4846 |    328 |    903 |   3063 |   7 |  739.1 |
       Dungeon |   5174 |   4846 |    328 |    903 |   3063 |   7 |  739.1 |
               +--------+--------+--------+--------+--------+-----+--------+

Top non-repeatable levels by time:
     D:1: 1405 daAuts
     D:3: 824 daAuts
     D:2: 659 daAuts
     D:4: 582 daAuts
     D:6: 579 daAuts
     D:5: 567 daAuts
     D:7: 556 daAuts
